 Dungeon Crawl Stone Soup version 0.18-a0-816-g97f838e (webtiles) character file.

593 cluie the Conjurer (level 7, 23/52 HPs)
             Began as a Demonspawn Conjurer on Dec 15, 2015.
             Was an Initiate of Gozag.
             Quit the game on level 4 of the Dungeon.
             The game lasted 00:07:07 (3304 turns).

cluie the Conjurer (Demonspawn Conjurer)            Turns: 3304, Time: 00:07:07

Health: 23/52      AC:  6    Str:  8    XL:     7   Next: 16%
Magic:  6/12       EV: 13    Int: 18    God:    Gozag
Gold:   254        SH:  2    Dex: 14    Spells: 4 memorised, 3 levels left

rFire  . . .     SeeInvis .     t - +0 long sword
rCold  + . .     Clarity  .     a - +0 robe
rNeg   . . .     SustAt   .     (no shield)
rPois  .         Gourm    .     (no helmet)
rElec  .         Spirit   .     d - +0 cloak
rCorr  .         Dismiss  .     w - +0 pair of gloves
rMut   .         Stasis   .     (no boots)
MR     .....                    (no amulet)
Stlth  ++........               (no ring)
                                n - ring of protection from cold

@: not resistant to hostile enchantments, unstealthy
A: claws 2, large bone plates 1, rot immunity
a: Potion Petition, Call Merchant, Bribe Branch, Renounce Religion


You were on level 4 of the Dungeon.
You worshipped Gozag.
Gozag was noncommittal.
You were very hungry.

You visited 2 branches of the dungeon, and saw 5 of its levels.

You collected 327 gold pieces.
You paid 73 gold pieces to Gozag.

Inventory:

Hand Weapons
 e - a +0 broad axe
 t - a +0 long sword (weapon)
Armour
 a - a +0 robe (worn)
 d - a +0 cloak (worn)
 w - a +0 pair of gloves (worn)
Jewellery
 n - a ring of protection from cold (left hand)
Wands
 o - a wand of frost (23)
 q - a wand of magic darts (42)
 s - a wand of slowing (24)
 y - a wand of enslavement (8)
Scrolls
 h - a scroll of fog {unknown}
 i - 2 scrolls of recharging {unknown}
 j - 3 scrolls of identify {unknown}
 l - a scroll of magic mapping {unknown}
 p - a scroll of fear {unknown}
 r - 2 scrolls of immolation {unknown}
 u - a scroll of remove curse {unknown}
 v - a scroll of noise {unknown}
 x - 2 scrolls of enchant armour {unknown}
Potions
 g - a potion of degeneration {unknown}
 m - 2 potions of curing {unknown}
 z - a potion of lignification {unknown}
Books
 b - a book of Conjurations

   Spells                             Type                      Level
   a - Magic Dart                     Conjuration                  1
   b - Searing Ray                    Conjuration                  2
   c - Dazzling Spray                 Conjuration/Hexes            3
   d - Fulminant Prism                Conjuration/Hexes            4
   e - Iskenderun's Mystic Blast      Conjuration                  4
   f - Iskenderun's Battlesphere      Conjuration/Charms           5
Comestibles
 c - 5 bread rations
 f - 3 meat rations
 k - 5 fruits


   Skills:
 + Level 3.3 Fighting
 + Level 3.5 Dodging
 - Level 1.7 Stealth
 + Level 1.8 Unarmed Combat
 + Level 3.6 Spellcasting
 + Level 5.7 Conjurations


You had 3 spell levels left.
You knew the following spells:

 Your Spells              Type           Power        Failure   Level  Hunger
a - Magic Dart            Conj           ###.         1%          1    None
b - Searing Ray           Conj           ###...       1%          2    ##.....
c - Iskenderun's Mystic   Conj           ###.....     17%         4    ####...
d - Dazzling Spray        Conj/Hex       ##......     17%         3    ###....


Dungeon Overview and Level Annotations

Branches:
Dungeon (4/15)             Temple (1/1) D:4

Altars:
Ashenzari
Dithmenos
Fedhas
Gozag
Nemelex Xobeh
Qazlal
Ru
Trog
Yredelemnul
Zin
The Shining One


Innate Abilities, Weirdness & Mutations

You have very sharp fingernails.
You are partially covered in large bone plates (AC +2, SH +2).
You are immune to rotting.


Message History

Aim: George's ghost, wielding a weapon of venom (almost destroyed)
The magic dart hits George's ghost.
You destroy George's ghost!
You have reached level 7!
Your demonic ancestry asserts itself...
You feel immune to rotting.
You feel sick.
You now have 254 gold pieces (gained 5).
You feel sick.
You start resting.
You feel sick. x6
You are no longer poisoned.
You start resting.
An adder comes into view.
An adder is nearby!
Saving game... please wait.
Welcome back, cluie the Demonspawn Conjurer.
Gozag says: Greed is good.
Press ? for a list of commands and other information.
Are you sure you want to abandon this character and quit the game? (Confirm with "yes".)

...###.#....#.......##..........§
...+...<....#.....S..#.........§.
...##.......#.......#....#####...
...##.......##.....#.#.### ####
...'........##....#...#
...###.......#<..#.....# ...#
#.......#...#.≈≈≈.# ...#
#.......#.#.#≈...≈# ...#
#####......@#≈._.≈#
##########....##.#≈...≈#
#........#.##.#.≈≈≈.#
#.......>#.##.#...?.#
#........#.###.#)..#
#.(......#......# $
################.# #.# ##


You could see an adder (wandering).

Vanquished Creatures
  The ghost of George the Slasher, an amateur FoFi (D:4)
  An ogre (D:4)
  A water moccasin zombie (D:4)
  2 orc priests (D:4)
  An orc wizard (D:4)
  A giant frog skeleton (D:4)
  A hound skeleton (D:4)
  5 adders
  4 oozes
  An adder skeleton (D:4)
  4 orcs
  5 giant cockroaches
  7 goblins
  3 hobgoblins
  3 jackals (D:1)
  9 kobolds
  3 ball pythons
  5 bats
  A giant gecko skeleton (D:4)
  3 giant newts
  A quokka skeleton (D:4)
  9 rats
71 creatures vanquished.

Notes
Turn   | Place    | Note
--------------------------------------------------------------
     0 | D:1      | cluie the Demonspawn Conjurer began the quest for the Orb.
     0 | D:1      | Reached XP level 1. HP: 13/13 MP: 3/3
   593 | D:1      | Gained mutation: You are partially covered in large bone plates (AC +2, SH +2). [demonic ancestry]
   593 | D:1      | Reached XP level 2. HP: 14/19 MP: 5/5
  1115 | D:2      | Reached skill level 1 in Fighting
  1120 | D:2      | Found a shadowy altar of Dithmenos.
  1293 | D:2      | Reached XP level 3. HP: 24/26 MP: 6/6
  1511 | D:2      | Learned a level 2 spell: Searing Ray
  1844 | D:3      | Found a glowing golden altar of the Shining One.
  1866 | D:3      | Reached XP level 4. HP: 28/33 MP: 7/7
  2016 | D:3      | Found a blossoming altar of Fedhas.
  2298 | D:4      | Noticed George's ghost (amateur FoFi)
  2469 | D:4      | HP: 1/33 [water moccasin zombie (6)]
  2475 | D:4      | Reached skill level 5 in Conjurations
  2475 | D:4      | Gained mutation: You have sharp fingernails. [demonic ancestry]
  2475 | D:4      | Reached XP level 5. HP: 2/38 MP: 0/9
  2693 | D:4      | Found a staircase to the Ecumenical Temple.
  2712 | Temple   | Entered the Ecumenical Temple
  2778 | Temple   | Became a worshipper of Gozag Ym Sagoz the Greedy
  2805 | D:4      | Noticed an ogre
  2814 | D:4      | Killed an ogre
  2814 | D:4      | Gained mutation: You have very sharp fingernails. [demonic ancestry]
  2814 | D:4      | Reached XP level 6. HP: 43/46 MP: 1/10
  2969 | D:4      | Reached skill level 1 in Unarmed Combat
  3130 | D:4      | Found a bloodstained altar of Trog.
  3153 | D:4      | Learned a level 4 spell: Iskenderun's Mystic Blast
  3222 | D:4      | Learned a level 3 spell: Dazzling Spray
  3247 | D:4      | Found a sacrificial altar of Ru.
  3255 | D:4      | Killed George's ghost
  3255 | D:4      | Gained mutation: You are immune to rotting. [demonic ancestry]
  3255 | D:4      | Reached XP level 7. HP: 22/52 MP: 0/12
  3304 | D:4      | Quit the game

Vault maps used:
D:1:      lemuel_arrival_tunnels
D:2:      old_standard_altar
D:3:      lemuel_coloured_pillars_altar, nicolae_tso_carved_into_rock
D:4:      nicolae_ru_awakened_eye, lemuel_doored_altar,
          minmay_temple_entry_purple_smoke
Temple:   hc_temple_tempest_star_small

Action                   |  1- 3 |  4- 6 |  7- 9 || total
-------------------------+-------+-------+-------++-------
Melee: Unarmed           |    16 |       |       ||    16
       Whip              |    65 |       |       ||    65
       Long sword        |    25 |   101 |       ||   126
 Cast: Magic Dart        |    30 |    16 |     1 ||    47
       Searing Ray       |     1 |    11 |       ||    12
 Stab: Sleeping          |     3 |     2 |       ||     5
       Distracted        |       |     2 |       ||     2
  Eat: Chunk             |     3 |     2 |       ||     5
       Fruit             |       |     3 |       ||     3
